 Seeded DCSS version 0.28-a0-1594-ga885d4b3d6 (webtiles) character file.

Game seed: 11 (custom seed)

109486 knot the Executioner (level 16, -8/104 HPs)
             Began as a Demonspawn Berserker on Jan 21, 2022.
             Was a High Priest of Trog.
             Mangled by Polyphemus (25 damage)
             ... on level 2 of the Shoals.
             The game lasted 01:08:53 (36059 turns).

knot the Executioner (Demonspawn Berserker)        Turns: 36059, Time: 01:08:54

Health: -8/104     AC: 21    Str: 24    XL:     16   Next: 5%
Magic:  0/16       EV:  7    Int: 17    God:    Trog [*****.]
Gold:   2434       SH:  5    Dex: 14    Spells: 15/15 levels left

rFire   + . .      SeeInvis .   J - +8 executioner's axe (flame)
rCold   + . .      Faith    .   (shield currently unavailable)
rNeg    . . .      Spirit   +   G - +1 crystal plate armour
rPois   +          Reflect  +   e - +0 hat {Will+}
rElec   .          Harm     .   z - scarf {rC+ rF+}
rCorr   .          Rampage  .   b - +0 pair of gloves of the Lost Path {rPois Dex+2 Slay+3}
Will    ++...                   H - +0 pair of boots "Riemin" {+Inv rPois}
Stlth   ..........              N - amulet of reflection
HPRegen 0.27/turn               x - +6 ring of strength
MPRegen 0.30/turn               C - ring of flight

@: about to teleport, flying, mesmerised
A: powered by death 2, magic shield, magic regeneration, sturdy frame 2,
weakness stinger 2
a: Renounce Religion, Evoke Invisibility, Berserk, Trog's Hand, Brothers in Arms


You were on level 2 of the Shoals.
You worshipped Trog.
Trog was extremely pleased with you.
You visited 5 branches of the dungeon, and saw 26 of its levels.
You also visited: Sewer.

You collected 2698 gold pieces.
You spent 264 gold pieces at shops.

Inventory:

Hand Weapons
 J - a +8 executioner's axe of flaming (weapon)
 P - a +5 battleaxe of freezing
 T - the +7 spear "Uhapass" {vorpal, Int+4}
   (You found it on level 10 of the Dungeon)

   It inflicts extra damage upon your enemies.
   Int:       It affects your intelligence (+4).
Missiles
 q - 2 atropa-tipped darts
 y - 2 boomerangs (quivered)
 F - 9 javelins
 I - 5 curare-tipped darts
 M - 27 poisoned darts
Armour
 b - the +0 pair of gloves of the Lost Path (worn) {rPois Dex+2 Slay+3}
   (You found it on level 10 of the Dungeon)

   Dex:       It affects your dexterity (+2).
   Slay:      It affects your accuracy & damage with ranged weapons and melee
   (+3).
   rPois:     It protects you from poison.
 e - a +0 hat of willpower (worn)
 z - a scarf of resistance (worn)
 G - a +1 crystal plate armour (worn)
 H - the +0 pair of boots "Riemin" (worn) {+Inv rPois}
   (You found it on level 7 of the Dungeon)

   rPois:     It protects you from poison.
   +Inv:      It lets you turn invisible.
Jewellery
 n - a ring of see invisible
 x - a +6 ring of strength (left hand)
 C - a ring of flight (right hand)
 N - an amulet of reflection (around neck)
 Z - a ring of resist corrosion
Wands
 a - a wand of mindburst (19)
 u - a wand of digging (1)
 Q - a wand of acid (18)
 W - a wand of polymorph (4)
 X - a wand of paralysis (3)
Scrolls
 l - 5 scrolls of fog
 o - 3 scrolls of summoning
 p - 6 scrolls of teleportation
 t - 6 scrolls of fear
 A - 2 scrolls of vulnerability
 B - 6 scrolls of immolation
 K - a scroll of silence
 O - 11 scrolls of identify
 R - 3 scrolls of brand weapon
 S - 3 scrolls of magic mapping
 Y - 5 scrolls of blinking
Potions
 d - 3 potions of ambrosia
 f - 4 potions of mutation
 g - a potion of attraction
 h - 4 potions of lignification
 i - 2 potions of resistance
 j - 3 potions of curing
 k - 3 potions of heal wounds
 m - 2 potions of magic
 r - 2 potions of cancellation
 s - 3 potions of berserk rage
 w - a potion of invisibility
 D - 5 potions of haste
 E - 3 potions of might
Miscellaneous
 c - a tin of tremorstones (2/2)
 v - a condenser vane
 V - a phantom mirror


   Skills:
 - Level 3.0 Fighting
 * Level 21.3 Axes
 - Level 15.5 Throwing
 - Level 6.2 Armour
 - Level 1.7 Dodging
 * Level 7.4 Evocations


You had 15 spell levels left.
You didn't know any spells.
Your spell library contained the following spells:

 Spells                   Type           Power      Damage    Failure   Level
 Foxfire                  Conj/Fire      0%         2x1d4     99%         1
 Pain                     Necr           0%         1d4       99%         1
 Summon Small Mammal      Summ           0%         N/A       99%         1
 Blink                    Tloc           0%         N/A       100%        2
 Ensorcelled Hibernation  Hex/Ice        0%         N/A       100%        2
 Sublimation of Blood     Necr           0%         N/A       100%        2
 Call Canine Familiar     Summ           0%         N/A       100%        3
 Conjure Flame            Conj/Fire      0%         6-21      100%        3
 Frozen Ramparts          Ice            0%         1d2       100%        3
 Gell's Gravitas          Tloc           0%         N/A       100%        3
 Inner Flame              Hex/Fire       0%         N/A       100%        3
 Portal Projectile        Hex/Tloc       0%         N/A       100%        3
 Spider Form              Tmut/Pois      0%         N/A       100%        3
 Stone Arrow              Conj/Erth      0%         3d7       100%        3
 Summon Guardian Golem    Hex/Summ       0%         N/A       100%        3
 Teleport Other           Tloc           0%         N/A       100%        3
 Anguish                  Hex/Necr       0%         N/A       100%        4
 Animate Armour           Summ/Erth      0%         N/A       100%        4
 Cause Fear               Hex            0%         N/A       100%        4
 Flame Wave               Conj/Fire      0%         2d4       100%        4
 Ice Form                 Ice/Tmut       0%         N/A       100%        4
 Petrify                  Tmut/Erth      0%         N/A       100%        4
 Summon Ice Beast         Ice/Summ       0%         N/A       100%        4
 Agony                    Necr           0%         N/A       100%        5
 Alistair's Intoxication  Tmut/Pois      0%         N/A       100%        5
 Blade Hands              Tmut           0%         N/A       100%        5
 Borgnjor's Vile Clutch   Necr/Erth      0%         N/A       100%        5
 Excruciating Wounds      Necr           0%         N/A       100%        5
 Fireball                 Conj/Fire      0%         3d3       100%        5
 Freezing Cloud           Conj/Ice/Air   0%         6-21      100%        5
 Irradiate                Conj/Tmut      0%         3d13      100%        5
 Iskenderun's Battlesphe  Conj           0%         2d6       100%        5
 Manifold Assault         Tloc           0%         N/A       100%        5
 Summon Forest            Summ/Tloc      0%         N/A       100%        5
 Conjure Ball Lightning   Conj/Air       0%         3x3d6     100%        6
 Dispersal                Tloc           0%         N/A       100%        6
 Eringya's Noxious Bog    Tmut/Pois      0%         N/A       100%        6
 Simulacrum               Ice/Necr       0%         N/A       100%        6
 Dragon Form              Tmut           0%         N/A       100%        7
 Orb of Destruction       Conj           0%         9d5       100%        7
 Storm Form               Tmut/Air       0%         N/A       100%        7
 Summon Hydra             Summ           0%         N/A       100%        7
 Lehudib's Crystal Spear  Conj/Erth      0%         10d2      100%        8
 Dragon's Call            Summ           0%         N/A       100%        9
 Polar Vortex             Ice            0%         N/A       100%        9


Dungeon Overview and Level Annotations

Branches:
Dungeon (15/15)            Temple (1/1) D:7            Lair (6/6) D:11
 Shoals (2/4) Lair:3       Spider (0/4) Lair:3        Slime (0/5) Lair:5
    Orc (2/2) D:9             Elf (0/3) Orc:2        Vaults (0/5) D:13
 Depths (0/4) D:15          Sewer (visited)

Altars:
Ashenzari
Cheibriados
Dithmenos
Elyvilon
Fedhas
Gozag
Hepliaklqana
Kikubaaqudgha
Makhleb
Nemelex Xobeh
Okawaru
Qazlal
Ru
Sif Muna
Trog
Uskayaw
Vehumet
Wu Jian
Xom
Yredelemnul
Zin
The Shining One
Beogh

Shops:
D:9 *   Orc:2 [(:?[

Annotations:
Shoals:2 Polyphemus


Innate Abilities, Weirdness & Mutations

You regenerate health from kills.
When hurt, damage is shared between your health and your magic reserves.
You regenerate magic rapidly.
Your movements are less encumbered by armour. (ER -4)
You have a tail ending in a sharp stinger.


Message History

Unknown command.
As you read the scroll of teleportation, it crumbles to dust.
You feel strangely unstable.
The pull of its song draws you forwards.
Polyphemus hits you but does no damage. Polyphemus hits you!
* * * LOW HITPOINT WARNING * * *
The death yak gores you.
* * * LOW HITPOINT WARNING * * *
The merfolk throws a boomerang.
The boomerang closely misses you.
The merfolk javelineer throws a javelin.
The javelin pierces through you but does no damage.
The javelin pierces through Polyphemus!!
The merfolk siren chants its luring song.
The merfolk avatar chants its luring song.
You feel much better.
The pull of its song draws you forwards.
Polyphemus throws the catoblepas at you!
* * * LOW HITPOINT WARNING * * *
The catoblepas breathes a plume of calcifying dust at you.
The blast of calcifying dust hits you but does no damage.
The blast of calcifying dust hits the death yak.
The death yak is engulfed in calcifying dust.
The death yak is moving more slowly.
The death yak gores you but does no damage.
The merfolk siren chants its luring song.
The merfolk hits you but does no damage.
The merfolk avatar chants its luring song.
Press: ? - help, v - describe, . - travel Some shallow water.
There is a cloud of blue smoke here.
The catoblepas gores you but does no damage.
The death yak is engulfed in calcifying dust.
The death yak stops moving altogether!
The merfolk javelineer hits you from afar with a +1 spear of venom!
* * * LOW HITPOINT WARNING * * *
The merfolk avatar chants its luring song.
The merfolk throws a boomerang.
The boomerang hits you but does no damage.
Polyphemus hits you!!
You die...

≈≈≈≈≈≈≈≈≈≈≈≈≈≈≈≈≈
≈≈≈≈≈≈≈≈≈≈≈≈≈≈≈≈≈≈≈≈≈#
≈≈≈≈≈≈.≈≈≈≈≈≈≈≈≈≈≈≈≈≈#
.≈≈≈m≈≈≈≈≈≈≈≈≈≈≈≈≈≈≈≈#
..≈≈.≈≈≈≈≈≈≈≈≈≈≈§≈≈≈≈#
....≈≈≈≈≈≈≈≈≈≈≈§≈≈≈≈≈#
.≈..≈≈mm≈≈≈≈≈≈≈≈≈≈≈≈≈#
≈......Y≈≈≈≈≈§≈≈≈≈≈≈≈#
.......Y≈@≈≈§≈≈≈≈≈≈≈≈#
.......YC≈≈§≈≈≈≈≈≈≈≈≈#
###....m≈†§≈≈≈≈≈≈≈≈≈≈#
##..?§≈≈≈≈≈≈≈≈≈≈≈≈≈#
#....§≈≈≈≈≈≈≈≈≈≈≈≈≈#
#.....§≈≈≈≈≈≈≈≈≈≈≈≈≈#
...≈...§≈≈≈≈≈≈≈≈≈≈≈≈≈#
.....PP.≈≈≈≈≈≈≈≈≈≈≈≈≈#
..P.P..≈≈≈≈≈≈≈≈≈≈≈≈≈#


You could see Polyphemus, a merfolk avatar (mesmerising), 2 death yaks, a
catoblepas, a merfolk javelineer, a merfolk and a merfolk siren (mesmerising).

Vanquished Creatures
  Rupert (Orc:2)
  Gastronok (D:12)
  An orc warlord (Orc:2)
  A ghoul (D:14)
  A fire dragon (D:13)
  An ice dragon (Lair:5)
  A vault guard (D:13)
  3 boulder beetles
  Erolcha (D:12)
  An ogre mage (D:10)
  3 naga warriors (D:12)
  3 catoblepae
  A merfolk avatar (Shoals:2)
  4 hydras
  Erica (Orc:1)
  A merfolk aquamancer (Shoals:1)
  2 centaur warriors
  An alligator snapping turtle (Shoals:2)
  6 two-headed ogres
  11 death yaks
  A deep troll shaman (Lair:6)
  A tengu warrior (D:13)
  2 orc high priests (Orc:2)
  7 skeletal warriors
  4 sea snakes (Shoals:1)
  A wizard (D:15)
  3 orc knights
  A necromancer (D:15)
  8 harpies (Shoals:1)
  4 orc sorcerers
  11 ugly things
  A wolf spider (D:15)
  6 manticores
  A faun (Shoals:1)
  5 cyclopes
  9 elephants
  Maurice (D:10)
  4 black mambas
  4 merfolk sirens
  2 naga magi (D:15)
  3 water nymphs
  18 cane toads
  2 torpor snails
  3 rime drakes
  A kobold demonologist (D:10)
  An efreet (D:14)
  A komodo dragon (shapeshifter) (D:11)
  8 komodo dragons
  A centaur skeleton (D:15)
  3 freezing wraiths
  A tengu conjurer (D:13)
  A guardian mummy (D:14)
  2 polar bears (Lair:6)
  8 merfolk
  5 trolls
  3 wind drakes
  3 hornets
  A wolf spider simulacrum (D:15)
  11 blink frogs
  2 slime creatures (D:12)
  5 dream sheep
  A meliai zombie (D:15)
  2 snapping turtles
  2 shadows
  6 wraiths
  43 yaks
  A vampire (D:13)
  A fire bat (shapeshifter) (D:10)
  3 water elementals (Shoals:1)
  5 wyverns
  7 basilisks
  Eustachio (D:4)
  A fire elemental (D:7)
  2 fire bats (D:7)
  A steam dragon (D:8)
  Menkaure (D:7)
  5 vampire mosquitoes
  2 wargs
  3 acid dragons
  7 water moccasins
  3 ice beasts
  2 sky beasts (D:6)
  5 black bears
  36 orc warriors
  12 centaurs
  2 necrophages
  9 ogres
  11 wolves
  2 phantoms
  4 kobold brigands
  7 bullfrogs
  A wyvern zombie (D:5)
  6 scorpions
  5 gnoll sergeants (D:9)
  2 wyvern skeletons (D:6)
  16 killer bees
  A wight (D:10)
  An electric eel (Lair:2)
  A howler monkey (D:9)
  10 centaur zombies
  3 jellies
  17 orc priests
  4 gnoll shamans
  3 hounds
  3 bullfrog skeletons
  2 iguanas
  27 orc wizards
  A killer bee zombie (D:7)
  A centaur simulacrum (D:10)
  2 human simulacra (D:14)
  A howler monkey zombie (D:6)
  A mummy (D:14)
  2 howler monkey skeletons (D:6)
  15 gnolls
  5 adders
  7 river rats
  3 white imps (Lair:5)
  5 worms
  A dart slug (D:3)
  77 orcs
  6 endoplasms
  5 giant cockroaches
  4 goblins
  3 hobgoblins
  4 jackals
  2 quokkas
  11 ball pythons
  8 bats
  5 frilled lizards
  17 kobolds
  16 rats
695 creatures vanquished.

Vanquished Creatures (collateral kills)
  The ghost of Ruicvywi the Grappler, a journeyman OgTm of Okawaru (Lair:3)
  A death yak (Shoals:2)
  A cyclops (D:10)
  2 merfolk sirens
  A water nymph (Shoals:2)
  A merfolk (Shoals:2)
  A slime creature (D:12)
  An orc warrior (Orc:2)
  A killer bee (D:6)
  An orc wizard (Orc:2)
  A gnoll (D:6)
  A white imp (D:6)
  An orc (Orc:2)
14 creatures vanquished.

Vanquished Creatures (others)
  An ugly thing (D:10)
  3 slime creatures (D:12)
  A gnoll sergeant (D:6)
  2 killer bees (D:6)
  An orc wizard (D:13)
  An orc (Orc:1)
  A bush (Lair:2)
  24 fungi
  67 plants
  5 withered plants (D:14)
106 creatures vanquished.

Grand Total: 815 creatures vanquished

Notes
Turn   | Place    | Note
-------+----------+-------------------------------------------
     0 | D:1      | knot the Demonspawn Berserker began the quest for the Orb.
     0 | D:1      | Reached XP level 1. HP: 18/18 MP: 1/1
    53 | D:1      | Reached skill level 3 in Axes
   322 | D:1      | Gained mutation: You regenerate a little health from kills.
                  | [demonic ancestry]
   322 | D:1      | Reached XP level 2. HP: 22/24 MP: 2/2
   686 | D:1      | Found a faded altar of an unknown god.
  1053 | D:2      | Gained mutation: Your movements are slightly less
                  | encumbered by armour. (ER -2) [demonic ancestry]
  1053 | D:2      | Reached XP level 3. HP: 23/29 MP: 3/3
  1353 | D:2      | Reached skill level 4 in Axes
  1358 | D:2      | Reached ** piety under Trog
  2204 | D:3      | Found a glowing drain.
  2223 | D:3      | Reached XP level 4. HP: 19/35 MP: 4/4
  2258 | Sewer    | Entered a sewer
  2654 | Sewer    | Reached skill level 5 in Axes
  3014 | Sewer    | Reached XP level 5. HP: 41/41 MP: 5/5
  3933 | D:3      | Found a shadowy altar of Dithmenos.
  3936 | D:3      | Found a bloodstained altar of Trog.
  3937 | D:3      | Found a basalt altar of Yredelemnul.
  3937 | D:3      | Found a radiant altar of Vehumet.
  3937 | D:3      | Found a burning altar of Makhleb.
  3939 | D:3      | Found a broken altar of Ashenzari.
  3940 | D:3      | Found a snail-covered altar of Cheibriados.
  3942 | D:3      | Found a sacrificial altar of Ru.
  4271 | D:4      | Reached skill level 6 in Axes
  4441 | D:4      | Gained mutation: You have a small tail. [demonic ancestry]
  4441 | D:4      | Reached XP level 6. HP: 47/47 MP: 6/6
  5132 | D:4      | Noticed Eustachio
  5142 | D:4      | Killed Eustachio
  5143 | D:4      | Reached skill level 7 in Axes
  5311 | D:4      | Gained mutation: You regenerate health from kills. [demonic
                  | ancestry]
  5311 | D:4      | Reached XP level 7. HP: 52/52 MP: 7/7
  5819 | D:5      | Entered Level 5 of the Dungeon
  6084 | D:5      | Reached skill level 1 in Throwing
  6257 | D:5      | Reached skill level 8 in Axes
  6947 | D:5      | Reached XP level 8. HP: 58/58 MP: 8/8
  8978 | D:6      | Reached skill level 9 in Axes
  9651 | D:6      | Reached skill level 5 in Throwing
  9821 | D:6      | Gained mutation: You regenerate magic rapidly. [demonic
                  | ancestry]
  9821 | D:6      | Reached XP level 9. HP: 62/63 MP: 9/9
 10917 | D:7      | Reached skill level 10 in Axes
 11104 | D:7      | Found a transporter.
 11121 | D:7      | Found a transporter.
 11394 | D:7      | Identified the +0 pair of boots "Riemin" {+Inv rPois}
 12110 | D:7      | Found a staircase to the Ecumenical Temple.
 12366 | D:7      | Noticed Menkaure
 12375 | D:7      | Killed Menkaure
 13234 | Temple   | Entered the Ecumenical Temple
 13383 | D:8      | Found a hazy altar of Hepliaklqana.
 13383 | D:8      | Found an ancient bone altar of Kikubaaqudgha.
 13529 | D:8      | Reached skill level 11 in Axes
 13529 | D:8      | Reached XP level 10. HP: 57/57 MP: 10/10
 13572 | D:8      | You fall into a shaft and drop 2 floors!
 13572 | D:10     | Entered Level 10 of the Dungeon
 14072 | D:10     | Noticed a two-headed ogre
 14085 | D:10     | Killed a two-headed ogre
 14086 | D:10     | Reached skill level 1 in Evocations
 14144 | D:10     | Identified the +0 pair of gloves of the Lost Path {rPois
                  | Dex+2 Slay+3}
 14796 | D:8      | Found a hide-covered altar of Uskayaw.
 15280 | D:9      | Found Taakeir's General Store.
 15918 | D:9      | Found a staircase to the Orcish Mines.
 15959 | D:9      | Reached *** piety under Trog
 16598 | D:10     | Gained mutation: When hurt, damage is shared between your
                  | health and your magic reserves. [demonic ancestry]
 16598 | D:10     | Reached XP level 11. HP: 75/75 MP: 11/11
 16632 | D:10     | Reached skill level 12 in Axes
 17698 | D:10     | Reached skill level 5 in Armour
 17705 | D:10     | Noticed an ogre mage
 17712 | D:10     | Killed an ogre mage
 17713 | D:10     | Reached skill level 5 in Evocations
 17932 | D:10     | Noticed a two-headed ogre
 17936 | D:10     | Killed a two-headed ogre
 17972 | D:10     | Noticed Maurice
 17979 | D:10     | Killed Maurice
 18133 | D:10     | Noticed a green ugly thing
 18133 | D:10     | Noticed an orc knight
 18154 | D:10     | Killed an orc knight
 18158 | D:10     | Identified the +7 spear "Uhapass" {vorpal, Int+4}
 18530 | D:11     | Reached skill level 10 in Throwing
 18813 | D:11     | Noticed a boulder beetle
 18826 | D:11     | Killed a boulder beetle
 19089 | D:11     | Found a staircase to the Lair.
 19117 | D:11     | Gained mutation: Your movements are less encumbered by
                  | armour. (ER -4) [demonic ancestry]
 19117 | D:11     | Reached XP level 12. HP: 71/81 MP: 10/12
 19403 | D:11     | Reached **** piety under Trog
 19577 | D:11     | Reached skill level 13 in Axes
 19776 | Lair:1   | Entered Level 1 of the Lair of Beasts
 19794 | Lair:1   | Noticed a death yak
 19797 | Lair:1   | Noticed a death yak
 19804 | Lair:1   | Killed a death yak
 19806 | Lair:1   | Noticed a death yak
 19809 | Lair:1   | Killed a death yak
 20176 | Lair:1   | Killed a death yak
 20198 | Lair:1   | Reached skill level 14 in Axes
 20208 | Lair:1   | HP: 2/81 [komodo dragon (17)]
 21829 | Lair:2   | Reached skill level 15 in Axes
 22932 | Lair:3   | Reached XP level 13. HP: 39/86 MP: 13/13
 23109 | Lair:3   | Found a staircase to the Shoals.
 23782 | Lair:3   | Found a hole to the Spider Nest.
 23921 | Lair:3   | Reached skill level 16 in Axes
 24185 | Lair:3   | Found a runed translucent door.
 24186 | Lair:3   | Noticed Ruicvywi's ghost (journeyman OgTm)
 24513 | Lair:3   | Killed Ruicvywi's ghost
 25337 | Lair:4   | Reached skill level 17 in Axes
 26422 | Lair:5   | Found a staircase to the Slime Pits.
 26514 | Lair:5   | Identified the +6 mace of the Ageless Dreams {vorpal, rF+
                  | rC- Str+2 Int+2}
 26715 | Lair:5   | Noticed Josephine
 26716 | Lair:5   | Noticed Josephine
 26716 | Lair:5   | Josephine changed into Josephine the two-headed ogre
 26720 | Lair:5   | Killed Josephine the two-headed ogre
 26793 | Lair:5   | Identified a scroll of acquirement
 26793 | Lair:5   | Acquired a manual of Throwing
 26862 | Lair:6   | Entered Level 6 of the Lair of Beasts
 26891 | Lair:6   | Reached skill level 18 in Axes
 27116 | Lair:6   | Reached XP level 14. HP: 93/93 MP: 14/14
 27129 | Lair:6   | Reached ***** piety under Trog
 27722 | Lair:6   | Received a gift from Trog
 28379 | D:12     | Noticed Erolcha
 28382 | D:12     | Killed Erolcha
 28396 | D:12     | Found an iron altar of Okawaru.
 28689 | D:12     | Noticed Gastronok
 28705 | D:12     | Killed Gastronok
 28706 | D:12     | Reached skill level 19 in Axes
 28876 | D:12     | Found a large runed translucent door.
 28877 | D:12     | Found a large runed translucent door.
 28950 | D:12     | Found an iron altar of Okawaru.
 29018 | D:12     | Found an iron altar of Okawaru.
 30251 | D:13     | Found a gate to the Vaults.
 30564 | D:14     | Gained mutation: You have a tail ending in a sharp stinger.
                  | [demonic ancestry]
 30564 | D:14     | Reached XP level 15. HP: 36/98 MP: 6/15
 31388 | D:14     | Reached skill level 20 in Axes
 31634 | D:15     | Entered Level 15 of the Dungeon
 32591 | D:15     | Found a staircase to the Depths.
 32875 | Orc:1    | Entered Level 1 of the Orcish Mines
 32946 | Orc:1    | Noticed Erica
 32954 | Orc:1    | Killed Erica
 33279 | Orc:2    | Entered Level 2 of the Orcish Mines
 33307 | Orc:2    | Found a staircase to the Elven Halls.
 33387 | Orc:2    | Noticed Rupert
 33396 | Orc:2    | Killed Rupert
 33525 | Orc:2    | Noticed an orc warlord
 33536 | Orc:2    | Reached skill level 15 in Throwing
 33558 | Orc:2    | Killed an orc warlord
 33592 | Orc:2    | Found Xeqiujeroz's Antique Weapon Shoppe.
 33596 | Orc:2    | Found Neagukk's Antique Armour Emporium.
 33690 | Orc:2    | Found Ammy's Book Shoppe.
 33792 | Orc:2    | Found Goffiqu's Armour Shoppe.
 34010 | Orc:2    | Found Inaonas's Magic Scroll Emporium.
 34012 | Orc:2    | Received a gift from Trog
 34037 | Orc:2    | Bought a scroll of magic mapping for 56 gold pieces
 34037 | Orc:2    | Bought a scroll of fear for 56 gold pieces
 34037 | Orc:2    | Bought a scroll of fear for 56 gold pieces
 34037 | Orc:2    | Bought a scroll of teleportation for 48 gold pieces
 34037 | Orc:2    | Bought a scroll of teleportation for 48 gold pieces
 34560 | Shoals:1 | Entered Level 1 of the Shoals
 35004 | Shoals:1 | Reached skill level 21 in Axes
 35929 | Shoals:2 | Reached XP level 16. HP: 104/104 MP: 16/16
 36046 | Shoals:2 | Noticed Polyphemus
 36059 | Shoals:2 | Mangled by Polyphemus

Illustrated notes

Levels and vault maps discovered:
D:1:      minmay_arrival_nine_rooms, layout_rooms, basic_ecumenical_altar
D:2:      layout_basic
D:3:      layout_loops_ring, minitemple, portal_sewer_entry_b,
          lemuel_old_faithful
D:4:      layout_basic, uniq_eustachio
D:5:      layout_layer_cave, minivault_24
D:6:      minmay_chambers_of_threes, layout_basic
D:7:      gammafunk_cloud_chamber, layout_loops_cross, lemuel_temple_firewalk_b,
          uniq_menkaure
D:8:      minmay_flawed_box, layout_basic, lemuel_coloured_pillars_altar,
          grunt_temple_overflow_open, serial_aquarium,
          aquarium_bridge_island_small [aquarium_subvault_small_water,
          aquarium_subvault_balcony, aquarium_subvault_balcony,
          aquarium_subvault_bridge, aquarium_subvault_wall],
          aquarium_window_fake, aquarium_window_fake, aquarium_window_fake,
          aquarium_view_2c, aquarium_view_2g, aquarium_pool_double
D:9:      minmay_general_purpose_star, layout_loops_ring,
          kennysheep_orc_monster_closet_entryway, serial_shops,
          nicolae_shop_crystal, minmay_misc_feat_nine_boxes,
          hangedman_decor_points
D:10:     minmay_the_grid_net [minmay_the_grid_outer_diamond,
          minmay_the_grid_minigrid_medium, minmay_the_grid_spikes,
          minmay_the_grid_slots, minmay_the_grid_small_cups,
          minmay_the_grid_prize_inner_circle], layout_stronghold, uniq_maurice
D:11:     layout_roguey, david_lair_generic
D:12:     okawaru_arena_lexackson, layout_gridville, okawaru_ov_weapons_minmay,
          uniq_gastronok, uniq_erolcha
D:13:     layout_rooms, david_vaults_5, minmay_misc_feat_five
D:14:     layout_irregular_city, minmay_misc_feat_roman, serial_undead,
          serial_undead_b, serial_undead_e, serial_undead_c, serial_undead_f,
          bh_circular_ruins
D:15:     grunt_enter_depths_magical_seal, layout_long_grid
Temple:   zaba_magenta_temple
Lair:1:   layout_small_grid, portal_ice_cave_rime
Lair:2:   layout_regular_city, chequers_serial_rivers_micro_b,
          nicolae_lair_grazing_beasts [nicolae_sub_lair_graze_edge,
          nicolae_sub_lair_graze_edge, nicolae_sub_lair_graze_edge,
          nicolae_sub_lair_graze_edge], lemuel_fruit_tree, wad_woods_river_01,
          infiniplex_staircase_pool_2
Lair:3:   layout_cave_pods, elwin_shoals_entry_stream,
          nicolae_spider_entry_non_spiders, ebering_ghost_inner_flame,
          chequers_serial_rivers_large_b
Lair:4:   layout_hall_layers, grunt_megastairs_5
Lair:5:   layout_gridlike, minmay_slime_entry_oklob_open,
          bobbens_ice_dragon_lair, uniq_josephine
Lair:6:   grunt_lair_end_beastmaster, layout_loops_ring,
          chequers_serial_rivers_large_a, serial_bayou_shore_b,
          grunt_megastairs_4
Shoals:1: layout_shoals
Shoals:2: layout_shoals, serial_shops, nicolae_shop_bloodbath_and_beyond,
          uniq_polyphemus
Orc:1:    layout_caves, uniq_erica
Orc:2:    grunt_orc_community_town_hall, layout_caves,
          grunt_orc_community_big_house_1, grunt_orc_community_big_house_1,
          grunt_orc_community_house_1, grunt_orc_community_house_3,
          grunt_orc_community_house_2, grunt_orc_community_house_3,
          grunt_orc_community_house_1, grunt_orc_community_house_3,
          serial_shops, nicolae_shop_crystal, mines1_david, uniq_rupert

Skill      XL: |  1  2  3  4  5  6  7  8  9 10 11 12 13 14 15 |
---------------+----------------------------------------------+-----
Axes           | 3 4 5 6 7 8 9 11 12 15 18 19 21 | 21.3
Throwing       | 2 5 7 9 10 13 15 | 15.5
Armour         | 4 6 |  6.2
Evocations     | 3 6 7 |  7.4
Fighting       | |  3.0
Dodging        | |  1.7

Action                   |  1- 3 |  4- 6 |  7- 9 | 10-12 | 13-15 | 16-18 || total
-------------------------+-------+-------+-------+-------+-------+-------++-------
Melee: Hand axe          |   143 |   162 |   289 |   167 |       |       ||   761
       Punch             |       |     3 |     1 |     6 |       |       ||    10
       Tailslap          |       |     6 |    46 |    87 |   139 |     2 ||   280
       War axe           |       |       |       |    71 |       |       ||    71
       Battleaxe         |       |       |       |   258 |   393 |       ||   651
       Spear             |       |       |       |       |    11 |       ||    11
       Executioner's axe |       |       |       |       |   435 |    12 ||   447
Throw: Boomerang         |       |       |    60 |    47 |   219 |    20 ||   346
       Dart              |       |       |       |    33 |    51 |       ||    84
Invok: Berserk           |     4 |     9 |    23 |    12 |    13 |       ||    61
       Trog's Hand       |       |       |     1 |       |     1 |       ||     2
       Brothers in Arms  |       |       |       |     2 |     5 |     1 ||     8
 Abil: Evoke Invisibilit |       |       |     2 |     2 |     1 |       ||     5
Evoke: Wand              |       |       |     6 |     7 |     8 |       ||    21
       Condenser vane    |       |       |       |       |     1 |       ||     1
  Use: Scroll            |       |       |    13 |    10 |     7 |     1 ||    31
       Potion            |       |       |     1 |     2 |    12 |     1 ||    16
 Stab: Sleeping          |     1 |     3 |       |       |       |       ||     4
       Invisible         |       |       |     6 |    20 |     2 |       ||    28
       Petrified         |       |       |       |       |     5 |       ||     5
Armor: Animal skin       |    34 |    24 |       |       |       |       ||    58
       Ring mail         |       |       |    45 |       |       |       ||    45
       Crystal plate arm |       |       |   175 |   436 |   450 |    16 ||  1077
Dodge: Dodged            |   106 |    71 |    98 |   141 |   234 |     7 ||   657
Block: Other             |       |       |       |       |   135 |     2 ||   137
       Reflection        |       |       |       |       |     9 |     2 ||    11

Table legend: (Time is in decaauts)
 A = Elapsed time spent in this place.
 B = Non-inter-level travel time spent in this place.
 C = Inter-level travel time spent in this place.
 D = Time resting spent in this place.
 E = Time spent auto-exploring this place.
 F = Levels seen in this place.
 G = Mean time per level.
                   A        B        C        D        E       F      G
               +--------+--------+--------+--------+--------+-----+--------+
         Total |  36434 |  34899 |   1535 |  12556 |  17650 |  27 | 1349.4 |
       Dungeon |  24314 |  23324 |    990 |   9781 |  10885 |  15 | 1620.9 |
        Temple |     73 |     54 |     19 |      0 |     50 |   1 |   73.0 |
          Lair |   8291 |   7871 |    420 |   2209 |   4465 |   6 | 1381.8 |
        Shoals |   1139 |   1114 |     25 |     50 |    812 |   2 |  569.5 |
  Orcish Mines |   1474 |   1395 |     79 |      0 |   1021 |   2 |  737.0 |
         Sewer |   1140 |   1140 |      0 |    515 |    416 |   1 | 1140.0 |
               +--------+--------+--------+--------+--------+-----+--------+

Top non-repeatable levels by time:
     D:6: 3138 daAuts
    D:10: 2489 daAuts
     D:5: 2431 daAuts
    D:11: 2176 daAuts
  Lair:3: 2079 daAuts
     D:7: 2041 daAuts
     D:4: 1857 daAuts
     D:9: 1615 daAuts
  Lair:4: 1580 daAuts
  Lair:1: 1346 daAuts
  Lair:6: 1344 daAuts
     D:2: 1249 daAuts
    D:14: 1205 daAuts
  Lair:2: 1166 daAuts
   Sewer: 1140 daAuts
